 Dungeon Crawl Stone Soup version 0.31-a0-198-g2ad674f65e (webtiles) character file.

Game seed: 237931747201987507

184 qw the Skirmisher (level 5, -3/29 HPs)
             Began as a Deep Elf Hunter on June 25, 2023.
             Slain by an iguana (10 damage)
             ... on level 4 of the Dungeon.
             The game lasted 00:01:04 (3146 turns).

qw the Skirmisher (Deep Elf Hunter)                 Turns: 3146, Time: 00:01:05

Health: -3/29      AC:  7    Str: 10    XL:     5   Next: 36%
Magic:  7/7        EV: 11    Int: 14    God:
Gold:   209        SH:  5    Dex: 18    Spells: 4/4 levels left

rFire   + . .        Y - +2 shortbow
rCold   . . .        (shield currently unavailable)
rNeg    . . .        i - +0 ring mail
rPois   .            d - +0 helmet
rElec   .            l - +0 cloak
rCorr   .            (no gloves)
SInv    .            (no boots)
Will    .....        g - amulet of reflection
Stlth   +            h - ring of protection from fire
HPRegen 0.24/turn    (no ring)
MPRegen 0.10/turn

%: reflection
@: no status effects
A: no striking features
a: no special abilities


You were on level 4 of the Dungeon.
You visited 1 branch of the dungeon, and saw 4 of its levels.

You collected 209 gold pieces.


   Skills:
 - Level 1.5 Fighting
 + Level 8.9 Ranged Weapons
 - Level 2.4 Dodging
 - Level 1.2 Stealth


You had 4 spell levels left.
You didn't know any spells.
Your spell library was empty.

Inventory:

Hand Weapons
 Y - a +2 shortbow (weapon)
Armour
 d - a +0 helmet (worn)
 i - a +0 ring mail (worn)
 l - a +0 cloak (worn)
Jewellery
 g - an amulet of reflection (around neck)
 h - a ring of protection from fire (left hand)
 j - an amulet of the acrobat
Scrolls
 n - a scroll of teleportation {unknown}
 o - a scroll of identify
Potions
 a - a potion of resistance {unknown}
 b - a potion of magic {unknown}
 c - 2 potions of curing {unknown}
 e - a potion of haste {unknown}
 f - a potion of attraction {unknown}
 k - a potion of degeneration {unknown}
 m - a potion of berserk rage {unknown}
 p - a potion of might {unknown}

Dungeon Overview and Level Annotations

Branches:
Dungeon (4/15)
 Temple: D:4-7

Altars:
Sif Muna

Shops:
D:3 (

Annotations:
D:4 2 runed translucent doors, qw's ghost, amateur DEHu


Message History

Enter note:
Enter note:
Enter note:
Enter note:
Enter note:
Enter note:
Enter note:
Enter note:
Enter note:
Enter note:
Enter note:
Enter note:
Enter note:
Enter note:
Enter note: You shoot an arrow.
The arrow hits the iguana!
The iguana hisses angrily.
The iguana is heavily wounded.
You shoot an arrow. The arrow closely misses the iguana.
You shoot an arrow. The arrow closely misses the iguana.
The iguana hisses menacingly.
You shoot an arrow. The arrow hits the iguana.
The iguana is severely wounded.
The iguana closely misses you.
You shoot an arrow.
The arrow hits the iguana but does no damage.
The iguana is severely wounded.
The iguana bites you!
You shoot an arrow. The arrow hits the iguana.
The iguana is almost dead.
The iguana closely misses you.
You shoot an arrow. The arrow closely misses the iguana.
The iguana bites you but does no damage. x2
You shoot an arrow. The arrow closely misses the iguana.
The iguana bites you!
You shoot an arrow. The arrow barely misses the iguana.
The iguana completely misses you.
You shoot an arrow. The arrow closely misses the iguana.
The iguana bites you!
You die...

... ... ..######
#?.....# #......#
#......#
######.l$...#
#.....@#+###
...#....#...# ..
+....#...# ...
#####....'...#
...#+##........#...#
...............##+##
...............#
...............#
...>...........+


You could see an iguana.

Vanquished Creatures
  A scorpion (D:3)
  4 adders
  A white imp (D:3)
  2 worms
  3 dart slugs
  7 orcs
  4 ball pythons
  5 endoplasms
  5 giant cockroaches
  8 goblins
  6 hobgoblins
  6 kobolds
  2 quokkas
  2 bats (D:2)
  3 frilled lizards
  7 rats
66 creatures vanquished.

Notes
Turn   | Place    | Note
-------+----------+-------------------------------------------
     0 | D:1      | qw the Deep Elf Hunter began the quest for the Orb.
     0 | D:1      | Reached XP level 1. HP: 12/12 MP: 3/3
     0 | D:1      | 0 ||| qw: Version: 0.3-a-22-g0ed2b0b
     0 | D:1      | 0 ||| qw: Game counter: 5295
     0 | D:1      | 0 ||| qw: Melee chars always use a shield: true
     0 | D:1      | 0 ||| qw: God list: Okawaru
     0 | D:1      | 0 ||| qw: Allow faded altars: false
     0 | D:1      | 0 ||| qw: Do Orc after clearing Dungeon:15 true
     0 | D:1      | 0 ||| qw: Do second Lair branch before Depths: true
     0 | D:1      | 0 ||| qw: Lair rune preference: random
     0 | D:1      | 0 ||| qw: Goals: Normal
     0 | D:1      | 0 ||| PLANNING D:1-11
    86 | D:1      | Reached skill level 6 in Ranged Weapons
    86 | D:1      | Reached XP level 2. HP: 16/16 MP: 4/4
   662 | D:1      | 662 ||| UPGRADING to +0 helmet.
   667 | D:1      | 667 ||| UPGRADING to amulet of reflection.
   672 | D:1      | 672 ||| READING scroll labelled YLOSHU QOAG.
   673 | D:1      | 673 ||| DROPPING scroll of butterflies.
   775 | D:2      | Reached XP level 3. HP: 20/20 MP: 5/5
   970 | D:2      | Reached skill level 7 in Ranged Weapons
  1386 | D:2      | 1386 ||| UPGRADING to +0 scale mail.
  1396 | D:2      | 1396 ||| DROPPING +0 leather armour.
  1397 | D:2      | 1397 ||| UPGRADING to +0 ring mail.
  1407 | D:2      | 1407 ||| DROPPING +0 scale mail.
  1408 | D:2      | 1408 ||| READING scroll labelled TIRUWO XOUHEYV.
  1409 | D:2      | 1409 ||| READING scroll labelled JEMESYEMOPT.
  1476 | D:3      | Reached XP level 4. HP: 25/25 MP: 6/6
  1489 | D:3      | Found a faded altar of an unknown god.
  1592 | D:3      | Found a shimmering blue altar of Sif Muna.
  1644 | D:3      | Noticed a scorpion
  1657 | D:3      | Killed a scorpion
  1658 | D:3      | Reached skill level 8 in Ranged Weapons
  1659 | D:3      | HP: 5/25 [poisoned by a scorpion]
  1663 | D:3      | HP: 2/25 [poisoned by a scorpion]
  1768 | D:3      | Reached XP level 5. HP: 29/29 MP: 7/7
  2381 | D:3      | Found Peuhoic's Weapon Emporium.
  2391 | D:3      | 2391 ||| SHOPLISTING +3 heavy sling (256 gold, have 169).
  2498 | D:3      | 2498 ||| UPGRADING to +0 cloak.
  2503 | D:3      | 2503 ||| UPGRADING to ring of protection from fire.
  2504 | D:3      | 2504 ||| READING scroll labelled AKKOUC MIUBUE.
  2505 | D:3      | 2505 ||| READING 4 scrolls labelled HODIOGUCIA.
  2506 | D:3      | 2506 ||| READING scroll labelled GUOTAR HOUPO.
  2507 | D:3      | 2507 ||| READING scroll labelled ZOERYNKETOZ.
  2508 | D:3      | 2508 ||| DROPPING 3 scrolls of revelation.
  2584 | D:4      | Found a runed translucent door.
  2659 | D:4      | Found a runed translucent door.
  2661 | D:4      | Noticed qw's ghost (amateur DEHu)
  2820 | D:4      | 2820 ||| READING scroll of enchant weapon.
  2820 | D:4      | 2820 ||| ENCHANTING +1 shortbow.
  3144 | D:4      | HP: 7/29 [iguana (11)]
  3146 | D:4      | Slain by an iguana

Levels and vault maps discovered:
D:1:      amcnicky_arrival_blooded_trapdoor, layout_basic
D:2:      layout_basic
D:3:      layout_loops_ring, mainiacjoe_overflow_paths, serial_shops,
          nicolae_lakefront_shop, chequers_ecumenical_altar_simple,
          minmay_pentangle
D:4:      layout_gridville, ebering_ghost_sewer_f

Skill      XL: |  1  2  3  4 |
---------------+-------------+-----
Ranged Weapons | 6 7 8 |  8.9
Fighting       | |  1.5
Dodging        | |  2.4
Stealth        | |  1.2

Action                     |  1- 3 |  4- 6 || total
---------------------------+-------+-------++-------
   Fire: Shortbow          |    93 |   131 ||   224
    Use: Scroll            |     3 |     5 ||     8
 Armour: Leather armour    |     4 |       ||     4
         Ring mail         |       |    21 ||    21
  Dodge: Dodged            |    17 |    32 ||    49
  Block: Other             |     5 |    13 ||    18

Table legend:
 A = Non-vault XP
 B = Vault XP
 C = Vault XP percentage of total XP
 D = Non-vault monster count
 E = Vault monster count
 F = Vault count percentage of total count
                 A         B        C        D         E       F
            +---------+---------+-------+---------+---------+-------
      Total |     239 |      25 |   9.5 |      57 |       9 |  13.6
            +---------+---------+-------+---------+---------+-------
        D:1 |      25 |       0 |   0.0 |      15 |       0 |   0.0
        D:2 |      59 |       0 |   0.0 |      17 |       0 |   0.0
        D:3 |     137 |      25 |  15.4 |      17 |       9 |  34.6
        D:4 |      18 |       0 |   0.0 |       8 |       0 |   0.0
            +---------+---------+-------+---------+---------+-------
